 Dungeon Crawl Stone Soup version 0.21.1-1-g345015f (webtiles) character file.

70 buskinjo2 the Covered (level 4, 0/34 HPs)
             Began as a Gnoll Wanderer on Mar 1, 2018.
             Succumbed to an adder's poison
             ... on level 2 of the Dungeon.
             The game lasted 00:03:46 (1121 turns).

buskinjo2 the Covered (Gnoll Wanderer)              Turns: 1121, Time: 00:03:46

Health: 0/34       AC:  6    Str: 19    XL:     4   Next: 22%
Magic:  5/5        EV: 11    Int: 16    God:
Gold:   12         SH:  0    Dex: 14    Spells: 5/5 levels left

rFire    . . .     SeeInvis .   a - +2 shortbow
rCold    . . .     Gourm    .   (shield currently unavailable)
rNeg     . . .     Faith    .   h - +0 ring mail
rPois    .         Spirit   .   (no helmet)
rElec    .         Reflect  .   (no cloak)
rCorr    .         Harm     .   (no gloves)
MR       .....                  (no boots)
Stlth    ++........             (no amulet)
HPRegen  0.11/turn              f - ring of stealth
MPRegen  0.09/turn              (no ring)

@: mighty, lethally poisoned (0 -> -2), flying
A: distributed training, fangs 1, strong nose
a: no special abilities


You were on level 2 of the Dungeon.
You were not hungry.

You visited 1 branch of the dungeon, and saw 2 of its levels.

You collected 12 gold pieces.

Inventory:

Hand Weapons
 a - a +2 shortbow (weapon)
 e - a +0 blowgun
 i - a +0 club
Missiles
 b - 19 arrows (quivered)
 d - 8 poisoned needles
Armour
 h - a +0 ring mail (worn)
Jewellery
 f - a ring of stealth (left hand)
Scrolls
 k - a scroll of fear {unknown}
 m - a scroll of enchant weapon {unknown}
Books
 c - the Papyrus of the Escort

   Spells                             Type                      Level
   a - Summon Butterflies             Summoning                    1
   b - Summon Guardian Golem          Hexes/Summoning              3
Comestibles
 g - 5 rations
 n - 2 chunks of flesh


   Skills:
 + Level 2.7 Fighting
 + Level 1.0 Short Blades
 + Level 1.0 Long Blades
 + Level 1.0 Axes
 + Level 1.0 Maces & Flails
 + Level 1.0 Polearms
 + Level 1.0 Staves
 + Level 1.0 Slings
 + Level 2.7 Bows
 + Level 1.0 Crossbows
 + Level 4.6 Throwing
 + Level 6.6 Armour
 + Level 1.0 Dodging
 + Level 1.0 Stealth
 + Level 1.0 Shields
 + Level 1.0 Unarmed Combat
 + Level 1.0 Spellcasting
 + Level 0.8 Conjurations
 + Level 0.8 Hexes
 + Level 0.8 Charms
 + Level 0.8 Summonings
 + Level 0.8 Necromancy
 + Level 2.2 Translocations
 + Level 3.8 Transmutations
 + Level 0.8 Fire Magic
 + Level 0.8 Ice Magic
 + Level 0.8 Air Magic
 + Level 0.8 Earth Magic
 + Level 0.8 Poison Magic
 + Level 1.1 Invocations
 + Level 1.0 Evocations


You had 5 spell levels left.
You didn't know any spells.

Dungeon Overview and Level Annotations

Branches:
Dungeon (2/15)

Altars:


Innate Abilities, Weirdness & Mutations

Your experience applies equally to all skills.
You have very sharp teeth.
Your uncanny sense of smell can sniff out nearby items.


Message History

There is a lethal amount of poison in your body!
* * * LOW HITPOINT WARNING * * *
You feel sick.
* * * LOW HITPOINT WARNING * * *
You feel sick.
You see here an arrow.
b - 14 arrows (gained 1)
* * * LOW HITPOINT WARNING * * *
You feel sick.
You see here 5 arrows.
b - 19 arrows (gained 5)
* * * LOW HITPOINT WARNING * * *
You feel sick.
* * * LOW HITPOINT WARNING * * *
You feel sick.
* * * LOW HITPOINT WARNING * * *
You feel sick.
* * * LOW HITPOINT WARNING * * *
You feel sick.
You die...

######## .....†.#
#.#.##.# ########
#.#.##.## #......#
........####.####.####
..#.##.........#.....#
....##.#####.#.#....<#
.......#####.#.......#
##.#......##....@....#
#.#......######.....#
##.#......##.......###
##.#......##.#####.#
##.#......##.##....#
##.#......##.##.##.#
...#..<...##.##.##.#
#######.####.......# #
#.......##.####


There were no monsters in sight!

Vanquished Creatures
  2 adders (D:2)
  2 oozes
  A leopard gecko (D:1)
  2 bats (D:1)
  A giant cockroach (D:1)
  6 goblins
  4 hobgoblins (D:1)
  9 jackals
  5 frilled lizards
  4 kobolds (D:1)
  4 rats (D:1)
40 creatures vanquished.

Notes
Turn   | Place    | Note
-------+----------+-------------------------------------------
     0 | D:1      | buskinjo2 the Gnoll Wanderer began the quest for the Orb.
     0 | D:1      | buskinjo2 set off with: a +2 shortbow, 25 arrows, the Papyrus of the Escort, 8 poisoned needles, a +0 blowgun, a +0 robe, a ration
     0 | D:1      | Reached XP level 1. HP: 17/17 MP: 1/1
     1 | D:1      | Identified the Papyrus of the Escort
   263 | D:1      | Reached XP level 2. HP: 23/23 MP: 2/2
   356 | D:1      | Reached XP level 3. HP: 22/28 MP: 3/3
   599 | D:1      | Reached skill level 1 in Invocations
   944 | D:2      | Reached skill level 1 in Short Blades
   944 | D:2      | Reached skill level 1 in Long Blades
   944 | D:2      | Reached skill level 1 in Axes
   944 | D:2      | Reached skill level 1 in Maces & Flails
   944 | D:2      | Reached skill level 1 in Polearms
   944 | D:2      | Reached skill level 1 in Staves
   944 | D:2      | Reached skill level 1 in Slings
   944 | D:2      | Reached skill level 1 in Crossbows
   944 | D:2      | Reached skill level 1 in Dodging
   944 | D:2      | Reached skill level 1 in Stealth
   944 | D:2      | Reached skill level 1 in Shields
   944 | D:2      | Reached skill level 1 in Unarmed Combat
   944 | D:2      | Reached skill level 1 in Spellcasting
   944 | D:2      | Reached skill level 1 in Evocations
   944 | D:2      | Reached XP level 4. HP: 24/34 MP: 5/5
  1113 | D:2      | HP: 1/34 [poisoned by an adder]
  1121 | D:2      | Succumbed to an adder's poison

Skill      XL: |  1  2  3 |
---------------+----------+-----
Translocations | 2 |  2.2
Invocations    | 1 |  1.1
Short Blades   | 1 |  1.0
Long Blades    | 1 |  1.0
Axes           | 1 |  1.0
Maces & Flails | 1 |  1.0
Polearms       | 1 |  1.0
Staves         | 1 |  1.0
Slings         | 1 |  1.0
Crossbows      | 1 |  1.0
Dodging        | 1 |  1.0
Stealth        | 1 |  1.0
Shields        | 1 |  1.0
Unarmed Combat | 1 |  1.0
Spellcasting   | 1 |  1.0
Evocations     | 1 |  1.0
Fighting       | |  2.7
Bows           | |  2.7
Throwing       | |  4.6
Armour         | |  6.6
Conjurations   | |  0.8
Hexes          | |  0.8
Charms         | |  0.8
Summonings     | |  0.8
Necromancy     | |  0.8
Transmutations | |  3.8
Fire Magic     | |  0.8
Ice Magic      | |  0.8
Air Magic      | |  0.8
Earth Magic    | |  0.8
Poison Magic   | |  0.8

Action                   |  1- 3 |  4- 6 || total
-------------------------+-------+-------++-------
Melee: Club              |   174 |    13 ||   187
       Bite              |    22 |       ||    22
 Fire: Shortbow          |    13 |     8 ||    21
  Use: Potion            |       |     2 ||     2
 Stab: Sleeping          |     3 |     1 ||     4
  Eat: Chunk             |     1 |       ||     1
Armor: Ring mail         |    98 |    11 ||   109
Dodge: Dodged            |   136 |     9 ||   145
